 Dungeon Sprint DCSS version 0.30.1-11-g7821555f0a (webtiles) character file.

Game seed: 8447238064732115321

24 Groucho the Magician (level 2, 0/15 HPs)
             Began as a Deep Elf Earth Elementalist on Dec 31, 2023.
             Was a Believer of Sif Muna.
             Slain by a flying skull (5 damage)
             ... in the Dungeon (Sprint VII: "The Pits").
             The game lasted 00:02:36 (829 turns).

Groucho the Magician (Deep Elf Earth Elementalist)   Turns: 829, Time: 00:02:36

Health: 0/15       AC:  2    Str:  5    XL:     2   Next: 79%
Magic:  8/11       EV: 12    Int: 19    God:    Sif Muna [**....]
Gold:   0          SH:  0    Dex: 15    Spells: 12/13 levels left

rFire   . . .        h - +2 dagger
rCold   . . .        (no shield)
rNeg    . . .        a - +0 robe
rPois   .            (no helmet)
rElec   .            (no cloak)
rCorr   .            (no gloves)
SInv    .            (no boots)
Will    .....        (no amulet)
Stlth   ++           (no ring)
HPRegen 0.22/turn    (no ring)
MPRegen 0.12/turn

%: no teleportation
@: no status effects
A: no striking features
a: Renounce Religion, Channel Magic


You were in the Dungeon.
You worshipped Sif Muna.
Sif Muna was pleased with you.
You visited 1 branch

Inventory:

Hand Weapons
 h - a +2 dagger (weapon)
Armour
 a - a +0 robe (worn)
Scrolls
 g - a scroll of blinking
 j - 5 scrolls of amnesia
 k - a scroll of summoning
Potions
 b - 5 potions of magic
 c - 6 potions of curing
 d - 6 potions of heal wounds
 e - a potion of haste
 f - 3 potions of berserk rage
 i - 2 potions of invisibility


   Skills:
 - Level 2.4 Dodging
 - Level 2.4 Stealth
 + Level 6.0 Spellcasting
 - Level 1.1 Transmutations
 + Level 5.5 Earth Magic


You had 12 spell levels left.
You knew the following spells:

 Your Spells              Type           Power      Damage    Failure   Level
a - Sandblast             Erth           52%        2d12      1%          1

Your spell library contained the following spells:

 Spells                   Type           Power      Damage    Failure   Level
 Passwall                 Tmut/Erth      15%        N/A       4%          2
 Stone Arrow              Conj/Erth      32%        3d9       11%         3
 Petrify                  Tmut/Erth      18%        N/A       28%         4


Dungeon Overview and Level Annotations

Branches:
Dungeon (1/1)

Altars:
Ashenzari
Cheibriados
Dithmenos
Elyvilon
Fedhas
Gozag
Hepliaklqana
Kikubaaqudgha
Makhleb
Nemelex Xobeh
Okawaru
Qazlal
Ru
Sif Muna
Trog
Uskayaw
Vehumet
Wu Jian
Xom
Yredelemnul
Zin
The Shining One
Jiyva
Lugonu

Annotations:
D Sigmund


Message History

Confirm with . or Enter, or press ? or * to list all spells.
Aiming: Sandblast (safe; 1% risk of failure)
Press: ? - help, Shift-Dir - straight line, f - white imp
Aim: a white imp (83% to hit)
The blast of sand misses the white imp.
The frilled lizard hisses angrily.
Sigmund casts a spell.
Sigmund flickers and vanishes!
Deactivating autopickup; reactivate with Ctrl-A.
Unknown command.
Casting: Sandblast (safe; 1% risk of failure)
Confirm with . or Enter, or press ? or * to list all spells.
You don't know that spell.
Casting: Sandblast (safe; 1% risk of failure)
Confirm with . or Enter, or press ? or * to list all spells.
Aiming: Sandblast (safe; 1% risk of failure)
Press: ? - help, Shift-Dir - straight line, f/p - white imp
Aim: a white imp (83% to hit)
The blast of sand hits the flying skull but does no damage.
The flying skull hits you. x2
Unknown command.
Unknown command.
Casting: Sandblast (safe; 1% risk of failure)
Confirm with . or Enter, or press ? or * to list all spells.
Aiming: Sandblast (safe; 1% risk of failure)
Press: ? - help, Shift-Dir - straight line, f - ball python skeleton, p - white imp
Aim: a ball python skeleton (96% to hit)
The blast of sand hits the flying skull but does no damage.
The flying skull closely misses you. The flying skull hits you!
The white imp puffs mist at you.
Unknown command.
Unknown command.
Casting: Sandblast (safe; 1% risk of failure)
Confirm with . or Enter, or press ? or * to list all spells.
Aiming: Sandblast (safe; 1% risk of failure)
Press: ? - help, Shift-Dir - straight line, p - ball python skeleton The blast of sand misses the flying skull.
The blast of sand hits the white imp but does no damage.
The flying skull hits you.
You die...

#...........'.....
#'#####'#####.....
#.#..)..#..##.....
#.#..÷..#))#####'#
#.###'###))##.....
#.#.....#))##.....
#.#.....#[[##.....
#.####÷##'###...<.
#@#........##.....
#z#........##.....
#5###########.....
#lZ# ###### #.{..
##.#l# .....
.#.#.# ... ..#


You could see a flying skull, a white imp, a frilled lizard and a ball python
skeleton.

Vanquished Creatures
  An adder (D)
  A white imp (D)
  An endoplasm (D)
  2 giant cockroaches (D)
  A kobold (D)
  A quokka (D)
  A ball python zombie (D)
  A rat (D)
9 creatures vanquished.

Notes
Turn   | Place    | Note
-------+----------+-------------------------------------------
     0 | D        | Groucho the Deep Elf Earth Elementalist began the quest for
                  | the Orb.
     0 | D        | Reached XP level 1. HP: 10/10 MP: 6/6
    13 | D        | Reached skill level 4 in Spellcasting
    13 | D        | Reached XP level 2. HP: 15/15 MP: 3/9
   381 | D        | Found a glowing golden altar of the Shining One.
   381 | D        | Found a glowing silver altar of Zin.
   381 | D        | Found a basalt altar of Yredelemnul.
   381 | D        | Found a shimmering altar of Xom.
   381 | D        | Found an ornate altar of the Wu Jian Council.
   381 | D        | Found a bloodstained altar of Trog.
   381 | D        | Found a shimmering blue altar of Sif Muna.
   381 | D        | Found a sacrificial altar of Ru.
   381 | D        | Found a stormy altar of Qazlal.
   381 | D        | Found an iron altar of Okawaru.
   381 | D        | Found a sparkling altar of Nemelex Xobeh.
   381 | D        | Found a burning altar of Makhleb.
   381 | D        | Found a viscous altar of Jiyva.
   381 | D        | Found a hazy altar of Hepliaklqana.
   381 | D        | Found an opulent altar of Gozag.
   381 | D        | Found a blossoming altar of Fedhas.
   381 | D        | Found a white marble altar of Elyvilon.
   381 | D        | Found a shadowy altar of Dithmenos.
   381 | D        | Found a snail-covered altar of Cheibriados.
   382 | D        | Found a radiant altar of Vehumet.
   382 | D        | Found a corrupted altar of Lugonu.
   383 | D        | Found an ancient bone altar of Kikubaaqudgha.
   383 | D        | Found a hide-covered altar of Uskayaw.
   383 | D        | Found a broken altar of Ashenzari.
   384 | D        | Became a worshipper of Sif Muna the Loreminder
   399 | D        | Reached skill level 5 in Spellcasting
   425 | D        | Reached * piety under Sif Muna
   568 | D        | Reached skill level 5 in Earth Magic
   569 | D        | Reached ** piety under Sif Muna
   572 | D        | Reached skill level 6 in Spellcasting
   823 | D        | Noticed Sigmund
   823 | D        | Noticed a flying skull
   829 | D        | Slain by a flying skull

Illustrated notes

Levels and vault maps discovered:
D:        pitsprint [storerooms_1, entrance_room_1, metal_vault_6, armoury_1,
          mini_pit_1, grid_room_1, main_hall_1, silver_pit, the_coven_1,
          the_vestibule_1, steel_vault_3, golden_pit, hallway_of_sentries,
          crystal_vault_1, iron_vault_1, final_vault]

Skill      XL: |  1  2 |
---------------+-------+-----
Spellcasting   | 4 6 |  6.0
Earth Magic    | 4 5 |  5.5
Dodging        | |  2.4
Stealth        | |  2.4
Transmutations | |  1.1

Action                     || total
---------------------------++-------
   Cast: Sandblast         ||    19
 Armour: Robe              ||     2
  Dodge: Dodged            ||     5
